 Dungeon Crawl Stone Soup version 0.29.1-1-gd02db6906a (webtiles) character file.

Game seed: 16529592613286422048

35 fireball365 the Digger (level 3, -1/26 HPs)
             Began as a Demigod Earth Elementalist on Oct 6, 2022.
             Slain by Terence
             ... wielding a +1 falchion of electrocution
              (12 damage)
             ... on level 2 of the Dungeon.
             The game lasted 00:04:08 (982 turns).

fireball365 the Digger (Demigod Earth Elementalist)  Turns: 982, Time: 00:04:08

Health: -1/26      AC:  3    Str: 13    XL:     3   Next: 4%
Magic:  3/9        EV: 11    Int: 17    God:
Gold:   40         SH:  0    Dex: 14    Spells: 5/6 levels left

rFire   . . .      SeeInvis .   (no weapon)
rCold   . . .      Faith    .   (no shield)
rNeg    . . .      Spirit   .   i - +0 leather armour
rPois   .          Reflect  .   (no helmet)
rElec   .          Harm     .   (no cloak)
rCorr   .          Rampage  .   (no gloves)
Will    .....                   (no boots)
Stlth   ++........              (no amulet)
HPRegen 0.08/turn               (no ring)
MPRegen 0.11/turn               (no ring)

@: no status effects
A: high MP 1, forlorn, divine attributes
a: no special abilities


You were on level 2 of the Dungeon.
You visited 1 branch of the dungeon, and saw 2 of its levels.

You collected 40 gold pieces.

Inventory:

Missiles
 h - 5 poisoned darts
 k - 12 stones
Armour
 a - a +0 robe
 i - a +0 leather armour (worn)
Scrolls
 d - 2 scrolls of identify {unknown}
 f - a scroll of magic mapping {unknown}
 g - a scroll of brand weapon {unknown}
Potions
 b - a potion of magic
 c - a potion of degeneration {unknown}
 e - 2 potions of curing {unknown}
 j - a potion of mutation {unknown}


   Skills:
 + Level 0.3 Armour
 + Level 1.8 Dodging
 + Level 1.7 Stealth
 + Level 2.4 Spellcasting
 + Level 0.8 Transmutations
 + Level 3.3 Earth Magic


You had 5 spell levels left.
You knew the following spells:

 Your Spells              Type           Power      Damage    Failure   Level
a - Sandblast             Erth           26%        2d8       6%          1

Your spell library contained the following spells:

 Spells                   Type           Power      Damage    Failure   Level
 Passwall                 Tmut/Erth      7%         N/A       16%         2
 Stone Arrow              Conj/Erth      14%        3d7       34%         3
 Petrify                  Tmut/Erth      9%         N/A       69%         4


Dungeon Overview and Level Annotations

Branches:
Dungeon (2/15)

Annotations:
D:2 Terence


Innate Abilities, Weirdness & Mutations

You have an increased reservoir of magic. (+10% MP)
You shall have no god before yourself.
Your divine heritage dramatically boosts your attributes as you level up.


Message History

The blast of sand hits the frilled lizard!
You kill the frilled lizard!
There is a faded altar of an unknown god here.
There is an empty arch of ancient stone here.
There is an empty arch of ancient stone here.
There is an empty arch of ancient stone here.
There is a stone staircase leading down here.
You climb downwards.
There is a stone staircase leading up here.
The blast of sand hits the giant cockroach.
The giant cockroach is severely wounded.
The blast of sand hits the giant cockroach.
You kill the giant cockroach!
You have reached level 3!
Your experience leads to a dramatic increase in your attributes!
Increase (S)trength, (I)ntelligence, or (D)exterity?
You feel stronger. x4
Found a scroll labelled CULUESUIDO.
Terence the Incautious comes into view.
He is wielding a +1 falchion of electrocution.
An endoplasm comes into view.
Terence shouts!
The blast of sand hits Terence but does no damage.
The blast of sand hits Terence but does no damage.
Terence barely misses you. The endoplasm freezes you.
You are frozen.
The endoplasm attacks as you move away! The endoplasm hits you.
The endoplasm freezes you.
You are frozen.
The blast of sand hits the endoplasm!
You kill the endoplasm!
The blast of sand hits Terence.
Terence is moderately wounded.
Terence hits you with a +1 falchion of electrocution.
Terence barely misses you.
The blast of sand hits Terence.
Terence is moderately wounded.
Terence hits you with a +1 falchion of electrocution.
You are electrocuted!
You die...

######..###.#
##..###.#
#.....#.####
#...........
#####.........#
..............#
.........?....#
##.#####@#....#
#. #@###.## #
#.# .# #.# #
#.# #.# ..# ..#
###


You could see Terence.

Vanquished Creatures
  3 bats (D:1)
  4 endoplasms
  A giant cockroach (D:2)
  3 goblins (D:1)
  5 hobgoblins (D:1)
  2 jackals (D:1)
  3 quokkas (D:1)
  4 ball pythons (D:1)
  2 frilled lizards (D:1)
  A rat (D:1)
28 creatures vanquished.

Notes
Turn   | Place    | Note
-------+----------+-------------------------------------------
     0 | D:1      | fireball365 the Demigod Earth Elementalist began the quest
                  | for the Orb.
     0 | D:1      | Reached XP level 1. HP: 14/14 MP: 5/5
    44 | D:1      | Reached skill level 3 in Earth Magic
   203 | D:1      | Reached XP level 2. HP: 19/20 MP: 4/7
   964 | D:2      | Reached XP level 3. HP: 26/26 MP: 6/9
   970 | D:2      | Noticed Terence
   982 | D:2      | Slain by Terence

Illustrated notes

Levels and vault maps discovered:
D:1:      minmay_arrival_cross, layout_basic,
          hellmonk_ecumenical_altar_arch_garden
D:2:      layout_loops_ring, corner_web_ring, uniq_robin, uniq_terence

Skill      XL: |  1 |
---------------+----+-----
Earth Magic    | 3 |  3.3
Spellcasting   | 2 |  2.4
Armour         | |  0.3
Dodging        | |  1.8
Stealth        | |  1.7
Transmutations | |  0.8

Action                   || total
-------------------------++-------
Melee: Unarmed           ||    11
 Cast: Sandblast         ||    40
Armor: Robe              ||     2
       Leather armour    ||     6
Dodge: Dodged            ||    24
